General information
- name: BNet
- type: Ladder team game (AT/RT)
- host: Battle.net
- saver: AltTabber
map: Battleground
- players: 8
- length: 19:06
- speed: Fast
- version: 1.27 W3XP
- replay type: Public
» download(110 KB)
Players
team 1 (winner)

»
AnaIfeast (
red | 34 APM | 650 actions | 19:05)
5 Warden
2 Shadow Strike
3 Blink
» actions
| Build / train | 49 | |
| Enter build submenu | 23 | |
| Enter hero's abilities submenu | 5 | |
| Right click | 291 | |
| Select / deselect | 251 | |
| Use ability | 31 | |
650 total
» units
| Wisp | 13 | |
| Huntress | 5 | |
| Chimaera | 8 | |
| Hippogryph | 8 | |
34 total
» upgrades
| Strength of the Wild | 3 | |
| Reinforced Hides | 2 | |
| Corrosive Breath | 1 | |
6 total
» buildings
| Altar of Elders | 1 | |
| Moon Well | 11 | |
| Ancient of War | 1 | |
| Hunter's Hall | 1 | |
| Tree of Ages | 1 | |
| Ancient Protector | 1 | |
| Tree of Eternity | 1 | |
| Ancient of Wind | 1 | |
| Ancient of Wonders | 1 | |
| Chimaera Roost | 3 | |
22 total
» build order
00:51 Altar of Elders
00:55 Moon Well
01:26 Ancient of War
01:59 Moon Well
02:27 Hunter's Hall
03:37 Tree of Ages
04:15 Moon Well
05:14 Moon Well
05:43 Ancient Protector
06:10 Tree of Eternity
06:14 Ancient of Wind
07:01 Moon Well
07:11 Moon Well
08:26 Ancient of Wonders
08:57 Chimaera Roost
09:03 Chimaera Roost
09:23 Chimaera Roost
10:25 Moon Well
12:35 Moon Well
13:41 Moon Well
14:22 Moon Well
14:52 Moon Well
» items
ASS_CANCER (
blue | 35 APM | 667 actions | 19:05)
3 Blademaster
2 Wind Walk
1 Critical Strike
» actions
| Assign group hotkey | 3 | |
| Basic commands | 27 | |
| Build / train | 30 | |
| Enter build submenu | 52 | |
| Enter hero's abilities submenu | 3 | |
| Right click | 206 | |
| Select / deselect | 204 | |
| Select group hotkey | 21 | |
| Use ability | 121 | |
667 total
» units
» upgrades
» buildings
| Orc Burrow | 3 | |
| War Mill | 1 | |
| Altar of Storms | 2 | |
| Watch Tower | 36 | |
| Stronghold | 2 | |
| Voodoo Lounge | 2 | |
| Great Hall | 1 | |
47 total
» build order
00:11 Orc Burrow
00:18 War Mill
00:46 Altar of Storms
01:57 Orc Burrow
02:33 Watch Tower
02:54 Watch Tower
03:11 Stronghold
04:11 Voodoo Lounge
04:37 Voodoo Lounge
04:43 Watch Tower
04:45 Watch Tower
04:47 Watch Tower
05:12 Watch Tower
05:17 Watch Tower
05:23 Watch Tower
05:37 Watch Tower
05:39 Watch Tower
05:44 Watch Tower
05:49 Watch Tower
06:00 Watch Tower
06:16 Watch Tower
06:42 Watch Tower
06:44 Watch Tower
06:47 Watch Tower
07:22 Stronghold
07:42 Watch Tower
07:45 Watch Tower
08:02 Watch Tower
08:04 Watch Tower
08:17 Watch Tower
08:32 Watch Tower
08:50 Watch Tower
09:00 Watch Tower
10:19 Watch Tower
10:27 Watch Tower
10:30 Watch Tower
10:31 Watch Tower
10:37 Watch Tower
10:40 Watch Tower
10:42 Watch Tower
11:14 Watch Tower
11:23 Watch Tower
11:53 Watch Tower
12:14 Watch Tower
15:12 Great Hall
18:37 Altar of Storms
18:43 Orc Burrow
» items
| Healing Salve | 1 | |
| Lesser Clarity Potion | 1 | |
2 total
AltTabber (
teal | 33 APM | 636 actions | 19:06)
6 Pandaren Brewmaster
3 Breath of Fire
2 Drunken Brawler
1 Storm Earth and Fire
» actions
| Assign group hotkey | 45 | |
| Build / train | 35 | |
| Enter build submenu | 8 | |
| Enter hero's abilities submenu | 6 | |
| Give item / drop item | 1 | |
| Right click | 425 | |
| Select / deselect | 70 | |
| Select group hotkey | 12 | |
| Use ability | 34 | |
636 total
» units
» buildings
| Altar of Storms | 1 | |
| Orc Burrow | 2 | |
| Voodoo Lounge | 1 | |
| Stronghold | 1 | |
| War Mill | 1 | |
| Watch Tower | 2 | |
8 total
» build order
11:23 Altar of Storms
11:26 Orc Burrow
11:30 Voodoo Lounge
12:04 Orc Burrow
16:33 Stronghold
16:37 War Mill
19:05 Watch Tower
19:06 Watch Tower
» items
| Boots of Speed | 1 | |
| Periapt of Vitality | 1 | |
| Staff of Teleportation | 1 | |
| Lesser Clarity Potion | 6 | |
| Healing Salve | 2 | |
| Potion of Healing | 2 | |
| Staff of Sanctuary | 1 | |
| Potion of Mana | 2 | |
16 total
Rexamus1983 (
orange | 27 APM | 525 actions | 19:05)
1 Blood Mage
1 Flame Strike
1 Archmage
1 Blizzard
» actions
| Assign group hotkey | 11 | |
| Basic commands | 10 | |
| Build / train | 53 | |
| Enter build submenu | 18 | |
| Enter hero's abilities submenu | 2 | |
| Remove unit from queue | 2 | |
| Right click | 143 | |
| Select / deselect | 207 | |
| Select group hotkey | 41 | |
| Use ability | 38 | |
525 total
» units
| Peasant | 12 | |
| Mortar Team | 1 | |
| Flying Machine | 6 | |
| Siege Engine | 8 | |
27 total
» upgrades
| Masonry | 3 | |
| Gunpowder | 3 | |
| Lumber Harvesting | 2 | |
| Flare | 1 | |
| Flak Cannons | 1 | |
| Barrage | 1 | |
| Plating | 3 | |
14 total
» buildings
| Farm | 11 | |
| Altar of Kings | 1 | |
| Scout Tower | 2 | |
| Lumber Mill | 1 | |
| Arcane Tower | 1 | |
| Arcane Vault | 2 | |
| Guard Tower | 1 | |
| Keep | 1 | |
| Blacksmith | 1 | |
| Workshop | 2 | |
| Castle | 1 | |
24 total
» build order
00:09 Farm
00:13 Altar of Kings
00:30 Farm
00:37 Scout Tower
01:11 Lumber Mill
01:17 Arcane Tower
01:33 Scout Tower
01:49 Arcane Vault
02:25 Guard Tower
03:26 Keep
03:31 Farm
03:37 Farm
03:42 Blacksmith
04:40 Arcane Vault
06:07 Workshop
06:39 Farm
06:40 Farm
08:15 Castle
11:16 Workshop
11:22 Farm
11:22 Farm
11:23 Farm
11:23 Farm
13:45 Farm
» items
| Mechanical Critter | 1 | |
| Boots of Speed | 1 | |
| Staff of Teleportation | 1 | |
3 total
team 2 (loser)
Amygdala (
pink | 68 APM | 1228 actions | 18:11)
5 Archmage
3 Blizzard
2 Brilliance Aura
2 Blood Mage
1 Flame Strike
1 Siphon Mana
2 Pit Lord
1 Rain of Fire
1 Howl of Terror
» actions
| Assign group hotkey | 51 | |
| Build / train | 61 | |
| ESC pressed | 1 | |
| Enter build submenu | 20 | |
| Enter hero's abilities submenu | 10 | |
| Give item / drop item | 7 | |
| Right click | 578 | |
| Select / deselect | 160 | |
| Select group hotkey | 275 | |
| Use ability | 65 | |
1228 total
» units
| Peasant | 9 | |
| Rifleman | 16 | |
| Priest | 2 | |
27 total
» upgrades
| Gunpowder | 2 | |
| Long Rifles | 1 | |
| Lumber Harvesting | 1 | |
| Priest Training | 2 | |
6 total
» buildings
| Blacksmith | 1 | |
| Barracks | 1 | |
| Farm | 11 | |
| Altar of Kings | 1 | |
| Keep | 1 | |
| Arcane Vault | 1 | |
| Arcane Sanctum | 2 | |
| Lumber Mill | 1 | |
| Castle | 1 | |
20 total
» build order
00:24 Blacksmith
00:35 Barracks
00:53 Farm
01:06 Farm
01:26 Altar of Kings
02:25 Farm
03:01 Farm
03:04 Farm
04:03 Farm
04:59 Keep
05:04 Arcane Vault
05:56 Farm
07:21 Arcane Sanctum
07:35 Lumber Mill
09:16 Farm
09:26 Arcane Sanctum
10:54 Castle
12:54 Farm
12:55 Farm
12:56 Farm
» items
| Scroll of Regeneration | 6 | |
| Scroll of Town Portal | 1 | |
| Potion of Healing | 1 | |
| Scroll of Healing | 2 | |
| Scroll of Protection | 2 | |
| Potion of Lesser Invulnerability | 1 | |
13 total
Capn_PhuckYou (
yellow | 28 APM | 522 actions | 18:36)
5 Priestess of the Moon
2 Searing Arrows
3 Trueshot Aura
4 Keeper of the Grove
2 Thorns Aura
2 Entangling Roots
» actions
| Build / train | 55 | |
| Enter build submenu | 19 | |
| Enter hero's abilities submenu | 9 | |
| Remove unit from queue | 1 | |
| Right click | 247 | |
| Select / deselect | 165 | |
| Use ability | 26 | |
522 total
» units
» upgrades
| Strength of the Wild | 2 | |
| Corrosive Breath | 1 | |
| Reinforced Hides | 2 | |
5 total
» buildings
| Moon Well | 7 | |
| Altar of Elders | 1 | |
| Ancient of War | 1 | |
| Hunter's Hall | 1 | |
| Tree of Ages | 1 | |
| Ancient of Wonders | 1 | |
| Ancient Protector | 2 | |
| Tree of Eternity | 1 | |
| Ancient of Wind | 2 | |
| Chimaera Roost | 3 | |
| Tree of Life | 1 | |
21 total
» build order
00:31 Moon Well
00:46 Altar of Elders
01:56 Ancient of War
02:22 Hunter's Hall
02:29 Moon Well
03:20 Tree of Ages
03:29 Moon Well
03:39 Ancient of Wonders
04:24 Moon Well
05:03 Ancient Protector
05:12 Ancient Protector
05:48 Tree of Eternity
06:19 Ancient of Wind
08:15 Chimaera Roost
08:18 Chimaera Roost
08:21 Chimaera Roost
08:30 Moon Well
09:55 Moon Well
12:32 Tree of Life
13:27 Moon Well
15:47 Ancient of Wind
» items

»
HornyAssassin (
purple | 59 APM | 1116 actions | 18:49)
4 Blademaster
2 Wind Walk
2 Critical Strike
» actions
| Basic commands | 42 | |
| Build / train | 52 | |
| Enter build submenu | 21 | |
| Enter hero's abilities submenu | 4 | |
| Right click | 708 | |
| Select / deselect | 245 | |
| Use ability | 44 | |
1116 total
» units
| Peon | 11 | |
| Grunt | 4 | |
| Shaman | 4 | |
| Tauren | 6 | |
| Demolisher | 4 | |
| Rifleman | 7 | |
36 total
» upgrades
| Spiked Barricades | 1 | |
| Melee Weapons | 1 | |
| Berserker Strength | 1 | |
| Shaman Training | 2 | |
| Pulverize | 1 | |
6 total
» buildings
| Altar of Storms | 1 | |
| Orc Burrow | 10 | |
| War Mill | 1 | |
| Stronghold | 1 | |
| Barracks | 1 | |
| Voodoo Lounge | 1 | |
| Watch Tower | 2 | |
| Fortress | 1 | |
| Spirit Lodge | 1 | |
| Tauren Totem | 2 | |
21 total
» build order
00:07 Altar of Storms
00:15 Orc Burrow
01:18 Orc Burrow
01:25 War Mill
03:22 Stronghold
04:01 Barracks
04:15 Voodoo Lounge
04:25 Orc Burrow
05:24 Orc Burrow
05:29 Watch Tower
05:39 Orc Burrow
05:43 Fortress
05:53 Spirit Lodge
06:39 Watch Tower
06:44 Orc Burrow
08:04 Orc Burrow
08:11 Tauren Totem
10:20 Tauren Totem
10:33 Orc Burrow
12:44 Orc Burrow
14:56 Orc Burrow
» items
| Healing Salve | 2 | |
| Orb of Lightning | 1 | |
3 total
Dethstalker (
green | 36 APM | 685 actions | 19:05)
2 Mountain King
1 Storm Bolt
1 Bash
» actions
| Assign group hotkey | 10 | |
| Basic commands | 64 | |
| Build / train | 58 | |
| Enter build submenu | 23 | |
| Enter hero's abilities submenu | 2 | |
| Remove unit from queue | 4 | |
| Right click | 148 | |
| Select / deselect | 179 | |
| Select group hotkey | 156 | |
| Use ability | 41 | |
685 total
» units
| Peasant | 13 | |
| Mortar Team | 5 | |
| Flying Machine | 8 | |
26 total
» upgrades
| Masonry | 3 | |
| Lumber Harvesting | 1 | |
| Fragmentation Shards | 1 | |
| Gunpowder | 2 | |
7 total
» buildings
| Farm | 6 | |
| Altar of Kings | 1 | |
| Scout Tower | 9 | |
| Lumber Mill | 1 | |
| Guard Tower | 9 | |
| Arcane Vault | 3 | |
| Keep | 1 | |
| Castle | 1 | |
| Blacksmith | 1 | |
| Workshop | 2 | |
34 total
» build order
01:10 Farm
01:12 Farm
01:14 Altar of Kings
01:53 Scout Tower
01:56 Scout Tower
02:00 Lumber Mill
02:24 Scout Tower
02:31 Scout Tower
02:40 Guard Tower
02:44 Guard Tower
02:57 Farm
03:00 Farm
03:24 Guard Tower
03:29 Guard Tower
03:41 Arcane Vault
04:33 Keep
06:29 Scout Tower
06:35 Scout Tower
06:57 Castle
07:08 Guard Tower
07:09 Guard Tower
07:12 Scout Tower
07:16 Scout Tower
07:43 Guard Tower
07:56 Guard Tower
08:37 Blacksmith
09:24 Workshop
09:28 Workshop
16:45 Arcane Vault
16:48 Farm
16:50 Farm
16:53 Arcane Vault
18:05 Scout Tower
18:47 Guard Tower
» items
| Potion of Healing | 3 | |
| Potion of Mana | 2 | |
| Orb of Fire | 1 | |
| Scroll of Regeneration | 1 | |
7 total
Chat log
(00:21 / Allies) AnaIfeast: this guy did this last game
(00:27 / Allies) AnaIfeast: then comes back and fucks around
(00:45 / Allies) AnaIfeast: jut did it last game
(00:54 / Allies) Rexamus1983: i was going to do that
(01:40 / Allies) Rexamus1983: take his mine
(01:44 / All) Dethstalker: gg
(01:46 / All) Dethstalker: u got it
(03:08 / All) Rexamus1983: gg
(03:17 / All) Amygdala: gg
(03:19 / All) Amygdala: we are pro
(03:23 / All) Amygdala: yellow is moon
(03:25 / All) Amygdala: from pro
(03:42 / All) Amygdala: and i make pornos
(07:40 / All) AltTabber: that dragon creep is retarded
(07:48 / All) AltTabber: why the fuck it targets peons over units
(08:07 / All) Rexamus1983: map hak
(08:35 / Allies) AnaIfeast: wood me
(09:47 / Allies) AltTabber: target the weak peons
(12:14 / Allies) AnaIfeast: gold me
(13:56 / All) Dethstalker: dummasses i wasnt even okayin
(14:53 / Allies) ASS_CANCER: lumber
(14:54 / All) Dethstalker: u lpose bein idiots
(14:57 / All) Dethstalker: i wasntb aplyin
(15:07 / All) Dethstalker: should have attaked a player that was playin
(15:09 / All) Dethstalker: now u lose
(15:30 / Allies) AnaIfeast: goold
(15:32 / Allies) ASS_CANCER: go pwn them orange
(15:52 / Allies) ASS_CANCER: finish off green
(15:54 / Allies) ASS_CANCER: or yellow
(17:50 / Allies) ASS_CANCER: go teal
(17:51 / Allies) ASS_CANCER: go go
(17:53 / Allies) ASS_CANCER: u got him
(17:54 / Allies) ASS_CANCER: lol
(18:23 / All) ASS_CANCER: LOL
(18:44 / Allies) AnaIfeast: cant beleive we won
(18:50 / Allies) ASS_CANCER: that was really sad
(19:04 / Allies) Rexamus1983: im not even trying